AoeStats
← narkdight

MegaRandom

510178454Analyzed
3v3 RM · 17h ago on Sep 29, 2026· 47m 11s· 6 players
Game mode
Random Map
Map size
Normal (6 player)
Population
200
Speed
Normal
Resources
Standard
Victory
Conquest
Starting age
Dark Age
Ending age
Imperial Age
RankedLock teamsTeams togetherTeam positionsShared explorationLock speedFull tech treeHidden civsTurbo modeCheats
Victory
Defeat
🇹🇷 Mongols · Türkiye
1140
+16
🇹🇷 Huns · Türkiye
1118
+17
🇹🇷 Varangians · Türkiye
1110
+18
🇪🇸 Poles · Spain
1233
-20
🇪🇸 Gurjaras · Spain
1116
-16
1095
-15
dinosah
0:30 Loom
13:12 Feudal Age
15:49 Double-Bit Axe
23:03 Castle Age
20:58 Stone Mining
20:53 Horse Collar
26:26 Gold Mining
26:44 Scale Barding Armor
26:50 Forging
26:56 Bow Saw
29:24 Fletching
30:27 Scale Mail Armor
31:03 Iron Casting
30:30 Pikeman
31:10 Squires
30:56 Arson
36:00 Wheelbarrow
37:51 Chain Barding Armor
38:16 Heavy Plow
42:10 Ballistics
41:46 Murder Holes
42:02 Masonry
43:35 Gold Shaft Mining
45:47 Imperial Age
43:44 Hand Cart
44:03 Bodkin Arrow
44:09 Padded Archer Armor
44:03 Elite Skirmisher
45:06 Chain Mail Armor
46:10 Thumb Ring
47:23 Conscription
48:15 Blast Furnace
47:52 Plate Barding Armor
47:19 Bracer
narkdight
9:47 Feudal Age
9:28 Loom
16:23 Double-Bit Axe
16:21 Horse Collar
21:18 Castle Age
19:49 Fishing Lines
20:41 Gold Mining
22:00 Scale Barding Armor
22:06 Forging
21:48 Fletching
22:26 Husbandry
22:49 Bow Saw
23:30 Heavy Plow
23:57 Bloodlines
28:32 Chain Barding Armor
28:47 Iron Casting
28:55 Wheelbarrow
28:52 Stone Mining
29:41 Gold Shaft Mining
29:54 Bodkin Arrow
30:00 Padded Archer Armor
35:57 Iron Casting
36:16 Hand Cart
39:33 Imperial Age
38:32 Stone Shaft Mining
37:44 Town Watch
39:15 Padded Archer Armor
41:20 Blast Furnace
40:21 Bracer
40:36 Leather Archer Armor
40:01 Heavy Camel Rider
43:44 Scale Mail Armor
baha
8:48 Loom
11:37 Feudal Age
15:56 Castle Age
14:29 Double-Bit Axe
18:20 Fishing Lines
24:48 Scale Barding Armor
28:51 Husbandry
30:12 Bloodlines
39:06 Chain Barding Armor
42:41 Forging
45:04 Wheelbarrow
GZ SIMAO
6:39 Loom
9:02 Feudal Age
9:46 Double-Bit Axe
10:31 Horse Collar
21:30 Castle Age
20:08 Bloodlines
20:09 Gold Mining
20:43 Scale Barding Armor
20:48 Forging
23:21 Heavy Plow
23:33 Bow Saw
23:30 Husbandry
25:04 Stone Mining
28:19 Town Watch
29:34 Chain Barding Armor
29:49 Iron Casting
30:43 Wheelbarrow
33:12 Imperial Age
31:48 Szlachta Privileges
33:03 Hand Cart
32:53 Light Cavalry
33:15 Cavalier
35:23 Blast Furnace
34:15 Fletching
34:49 Ballistics
35:29 Chemistry
34:06 Winged Hussar
37:58 Lechitic Legacy
37:59 Conscription
38:01 Bodkin Arrow
38:06 Padded Archer Armor
38:03 Crossbowman
38:53 Murder Holes
41:39 Arbalester
43:07 Bracer
43:19 Thumb Ring
43:13 Treadmill Crane
43:43 Masonry
Bueno, voume pa casa lo
4:44 Loom
6:24 Loom
9:21 Feudal Age
18:12 Castle Age
17:11 Scale Barding Armor
17:11 Double-Bit Axe
18:25 Bloodlines
19:15 Bow Saw
19:30 Town Watch
20:48 Gold Mining
21:22 Forging
26:49 Chain Barding Armor
28:29 Iron Casting
28:42 Horse Collar
35:13 Wheelbarrow
34:39 Elite Skirmisher
37:31 Stone Mining
39:00 Hand Cart
39:12 Fletching
39:22 Padded Archer Armor
41:52 Bodkin Arrow
♿Libala♿
5:53 Loom
9:44 Feudal Age
10:34 Double-Bit Axe
15:37 Wheelbarrow
15:18 Horse Collar
19:07 Bloodlines
25:05 Castle Age
36:21 Hand Cart
36:22 Bow Saw
43:20 Thumb Ring
42:36 Crossbowman
Connection lost

Rejoining the realm…

Still unreachable

The connection could not be restored.

Session expired

The server has moved on; the page needs a fresh start.